 Dungeon Crawl Stone Soup version 0.29.1-15-g9cfb28693d (webtiles) character file.

Game seed: 9656044122851728187

42064 joshua the Fighter (level 13, -8/109 HPs)
             Began as a Minotaur Fighter on Apr 16, 2023.
             Was a High Priest of Okawaru.
             Mangled by an alligator (18 damage)
             ... on level 1 of the Swamp.
             The game lasted 02:21:51 (26796 turns).

joshua the Fighter (Minotaur Fighter)              Turns: 26796, Time: 02:21:52

Health: -8/109     AC: 23    Str: 32    XL:     13   Next: 83%
Magic:  10/12      EV:  9    Int:  2    God:    Okawaru [*****.]
Gold:   1835       SH: 20    Dex: 10    Spells: 12/12 levels left

rFire   + + .      SeeInvis +   L - +4 mace
rCold   . . .      Faith    .   I - +2 kite shield
rNeg    . . .      Spirit   .   T - +0 plate armour
rPois   +          Reflect  +   (helmet restricted)
rElec   .          Harm     .   (no cloak)
rCorr   +          Rampage  .   w - +0 pair of gloves
Will    +....                   V - +0 pair of boots
Stlth   ..........              k - amulet of reflection
HPRegen 0.28/turn               N - +6 ring of strength
MPRegen 0.13/turn               c - ring "Nofohe" {rPois rF++ rCorr Int-3 SInv}

@: heroic, studying Poison Magic
A: horns 2, retaliatory headbutt, iridescent scales 1, frail 1, strong-willed 1,
mutation resistance 1
a: Renounce Religion, Heroism, Finesse, Duel


You were on level 1 of the Swamp.
You worshipped Okawaru.
Okawaru was extremely pleased with you.
You visited 6 branches of the dungeon, and saw 22 of its levels.

You collected 1835 gold pieces.

Inventory:

Hand Weapons
 a - a +1 war axe
 v - a +2 broad axe of freezing
 K - a +0 broad axe of draining
 L - a +4 mace (weapon)
 M - the +4 spear of the Lair of Beasts {pain, rN+ Stlth+}
   (You took it off a human on level 7 of the Dungeon)

   In the hands of one skilled in necromantic magic, it inflicts extra damage on
   living creatures.
   rN:        It protects you from negative energy.
   Stlth:     It makes you more stealthy.
 R - a +0 antimagic hand axe
Missiles
 r - 25 boomerangs (quivered)
 D - a boomerang of dispersal
 Q - 3 atropa-tipped darts
 W - 3 curare-tipped darts
 X - 18 poisoned darts
Armour
 w - a +0 pair of gloves (worn)
 I - a +2 kite shield (worn)
 T - a +0 plate armour (worn)
 V - a +0 pair of boots (worn)
Magical Staves
 A - a staff of poison
Jewellery
 c - the ring "Nofohe" (right hand) {rPois rF++ rCorr Int-3 SInv}
   (You acquired it on level 2 of the Lair of Beasts)

   [ring of resist corrosion]

   Int:       It affects your intelligence (-3).
   rF:        It greatly protects you from fire.
   rPois:     It protects you from poison.
   SInv:      It lets you see invisible.
   rCorr:     It protects you from acid and corrosion.
 h - a ring of see invisible
 i - a ring of ice
 k - an amulet of reflection (around neck)
 l - an amulet of magic regeneration
 n - a ring of willpower
 q - an amulet of faith
 y - a ring of ice
 z - a ring of flight
 N - a +6 ring of strength (left hand)
 O - a +6 ring of dexterity
 U - an amulet of guardian spirit
Wands
 e - a wand of light (11)
 B - a wand of flame (33)
 J - a wand of iceblast (26)
Scrolls
 g - a scroll of fog
 m - a scroll of summoning
 t - a scroll of silence
 u - a scroll of enchant weapon
 C - a scroll of poison
 E - 4 scrolls of magic mapping
 G - 6 scrolls of immolation
 H - 6 scrolls of teleportation
 P - 2 scrolls of amnesia
 S - 3 scrolls of identify
 Y - 3 scrolls of fear
 Z - a scroll of brand weapon
Potions
 b - a potion of flight
 d - 3 potions of might
 f - 11 potions of curing
 j - a potion of magic
 o - 2 potions of heal wounds
 p - 4 potions of resistance
 s - 3 potions of haste
 x - a potion of cancellation
 F - a potion of berserk rage


   Skills:
 + Level 13.1(18.1) Fighting
 + Level 12.7(17.7) Axes
 + Level 13.0(18.0) Armour
 + Level 13.0(18.0) Shields
 - Level 11.6 Evocations


You had 12 spell levels left.
You didn't know any spells.
Your spell library contained the following spells:

 Spells                   Type           Power      Damage    Failure   Level
 Slow                     Hex            0%         N/A       99%         1
 Blink                    Tloc           0%         N/A       99%         2
 Sublimation of Blood     Necr           0%         N/A       99%         2
 Confusing Touch          Hex            0%         N/A       100%        3
 Vampiric Draining        Necr           0%         2d6       100%        3
 Petrify                  Tmut/Erth      0%         N/A       100%        4
 Irradiate                Conj/Tmut      0%         3d11      100%        5
 Manifold Assault         Tloc           0%         N/A       100%        5
 Storm Form               Tmut/Air       0%         N/A       100%        7
 Summon Forest            Summ/Tloc      Unusable   N/A       N/A         5
 Summon Mana Viper        Hex/Summ       Unusable   N/A       N/A         5
 Summon Cactus Giant      Summ           Unusable   N/A       N/A         6

Dungeon Overview and Level Annotations

Branches:
Dungeon (12/15)            Temple (1/1) D:6            Lair (5/5) D:10
  Swamp (1/4) Lair:3        Snake (0/4) Lair:2        Slime (1/5) Lair:5
    Orc (2/2) D:10            Elf (0/3) Orc:2

Altars:
Ashenzari
Cheibriados
Dithmenos
Elyvilon
Fedhas
Gozag
Hepliaklqana
Kikubaaqudgha
Makhleb
Nemelex Xobeh
Okawaru
Qazlal
Ru
Sif Muna
Trog
Uskayaw
Vehumet
Wu Jian
Xom
Yredelemnul
Zin
The Shining One
Jiyva

Shops:
D:3 [   D:5 *(!?   D:8 *   D:10 (

Annotations:
D:11 3 runed translucent doors, Gelion's ghost, journeyman DECj
Orc:2 Azrael


Innate Abilities, Weirdness & Mutations

You have a pair of horns on your head.
You reflexively headbutt those who attack you in melee.
You are partially covered in iridescent scales. (AC +2)
You are frail. (-10% HP)
You are strong-willed. (Will+)
You are somewhat resistant to further mutation.


Message History

Your headbutt misses the five-headed hydra.
The five-headed hydra is heavily wounded.
You block the five-headed hydra's attack.
The five-headed hydra bites you but does no damage. x2
You block the five-headed hydra's attack. x2
The bog body touches you but does no damage.
You block the alligator's attack. x2
You sock the five-headed hydra!
The five-headed hydra is severely wounded.
The bog body touches you. The bog body freezes you!!
You block the alligator's attack. The alligator barely misses you.
The five-headed hydra bites you but does no damage.
You block the five-headed hydra's attack.
The five-headed hydra misses you.
You block the five-headed hydra's attack.
The five-headed hydra bites you but does no damage.
You sock the five-headed hydra!
The five-headed hydra is almost dead.
You block the alligator's attack. The alligator closely misses you.
The five-headed hydra barely misses you.
The five-headed hydra bites you but does no damage.
You block the five-headed hydra's attack.
The five-headed hydra bites you.
The five-headed hydra closely misses you.
The bog body gestures at you while chanting.
The bolt of cold hits you!!
* * * LOW HITPOINT WARNING * * *
The alligator attacks as you move away!
The alligator bites you but does no damage.
You block the alligator's attack.
The five-headed hydra attacks as you move away!
You block the five-headed hydra's attack.
The five-headed hydra closely misses you.
The five-headed hydra completely misses you.
The five-headed hydra bites you but does no damage.
The five-headed hydra barely misses you.
The bog body casts a spell at you.
The bolt of cold hits you but does no damage.
The alligator attacks as you move away! The alligator bites you!!
You die...

.~.~~~.~~.~♣♣
...~..~~.~..♣♣
~......~.~...♣♣♣
...~.~....≈≈≈..♣♣
~~..?.~...≈≈≈≈..♣
.~.~...~≈≈≈≈≈≈≈..
♣~.....~n.≈≈≈≈≈≈.
[..~...tD.≈≈≈≈≈≈.
..~.§...@<.≈≈≈≈≈.
~..~..~....≈≈≈≈≈.
..~~°~.~.≈≈≈≈≈≈≈.
...°.~..§.≈≈≈≈≈.♣
~~~..~$.~.|.≈..♣♣
.~......♣...~.♣♣
~♣....~§♣.~..♣♣
♣....~..♣...♣


You could see an alligator (swift), a five-headed hydra and a bog body.

Vanquished Creatures
  2 fire dragons
  A boulder beetle (Lair:5)
  3 hydras
  2 two-headed ogres
  A death yak (Lair:4)
  A swamp dragon (Lair:3)
  A bog body (Swamp:1)
  A lindwurm (Lair:5)
  An oklob plant (Lair:3)
  A will-o-the-wisp (Swamp:1)
  An orc sorcerer (Orc:1)
  9 black mambas
  6 elephants (Lair:2)
  2 gargoyles
  2 molten gargoyles (Lair:5)
  A torpor snail (Lair:4)
  8 cane toads
  4 rime drakes
  8 komodo dragons
  An unseen horror (D:11)
  A polar bear (Lair:4)
  2 hornets (D:10)
  Grinder (D:3)
  2 trolls
  4 slime creatures (Slime:1)
  12 blink frogs
  A vampire (D:6)
  38 yaks
  A wraith (D:10)
  7 wyverns
  Grum (D:9)
  2 basilisks
  2 steam dragons
  3 humans (D:7)
  A fire elemental (Orc:1)
  2 vampire mosquitoes (D:11)
  3 wargs
  4 acid dragons
  13 water moccasins
  5 hell hounds
  10 orc warriors
  3 ice beasts
  5 black bears
  6 ogres
  9 wolves
  2 centaurs (D:9)
  A phantom (D:4)
  A kobold brigand (D:9)
  9 bullfrogs
  3 scorpions
  14 wights
  5 killer bees (D:9)
  A howler monkey (D:5)
  2 electric eels (Lair:2)
  5 lava snakes (Lair:5)
  4 hounds (D:5)
  16 jellies
  4 gnoll boudas
  16 orc priests
  2 iguanas (Lair:3)
  15 orc wizards
  7 adders
  20 gnolls
  A shadow imp (D:6)
  2 ufetubi (D:5)
  2 worms
  The ghost of Wkid the Sneak, a weakling DsDe (D:5)
  54 orcs
  7 bats
  9 endoplasms
  3 giant cockroaches
  4 goblins
  6 hobgoblins
  4 quokkas
  7 ball pythons
  6 frilled lizards
  10 kobolds
  6 rats
443 creatures vanquished.

Vanquished Creatures (others)
  An orc wizard (D:9)
  2 foxfires (Swamp:1)
  12 fungi
  14 plants
29 creatures vanquished.

Grand Total: 472 creatures vanquished

Notes
Turn   | Place    | Note
-------+----------+-------------------------------------------
     0 | D:1      | joshua the Minotaur Fighter began the quest for the Orb.
     0 | D:1      | Reached XP level 1. HP: 19/19 MP: 0/0
   193 | D:1      | Reached XP level 2. HP: 27/27 MP: 1/1
  1488 | D:2      | Reached XP level 3. HP: 27/33 MP: 2/2
  2331 | D:3      | Found a large runed translucent door.
  2334 | D:3      | Found a large runed translucent door.
  2404 | D:3      | Found Roichili's Armour Boutique.
  2476 | D:3      | Reached XP level 4. HP: 17/41 MP: 3/3
  2737 | D:3      | Found a white marble altar of Elyvilon.
  3028 | D:3      | Found a burning altar of Makhleb.
  3066 | D:3      | Found a sacrificial altar of Ru.
  3144 | D:3      | Noticed Grinder
  3145 | D:3      | Found a basalt altar of Yredelemnul.
  3148 | D:3      | Paralysed by Grinder for 3 turns
  3154 | D:3      | Paralysed by Grinder for 2 turns
  3156 | D:3      | Killed Grinder
  3157 | D:3      | Reached skill level 5 in Fighting
  3157 | D:3      | Reached skill level 5 in Armour
  3157 | D:3      | Reached skill level 5 in Shields
  3157 | D:3      | Reached XP level 5. HP: 25/48 MP: 4/4
  3157 | D:3      | Reached XP level 6. HP: 29/56 MP: 5/5
  3459 | D:3      | Found a bloodstained altar of Trog.
  3475 | D:3      | Found a hazy altar of Hepliaklqana.
  4058 | D:4      | Noticed an ice beast
  4069 | D:4      | Killed an ice beast
  4378 | D:4      | Reached skill level 5 in Axes
  4378 | D:4      | Reached XP level 7. HP: 56/62 MP: 6/6
  4936 | D:5      | Entered Level 5 of the Dungeon
  5488 | D:5      | Found Ziogim's Distillery.
  5599 | D:5      | Found Ibiucod's General Store.
  5603 | D:5      | Found Heliceof's Magic Scroll Boutique.
  5603 | D:5      | Found Goph's Antique Weapon Boutique.
  5675 | D:5      | Found a runed translucent door.
  5678 | D:5      | Noticed Wkid's ghost (weakling DsDe)
  5683 | D:5      | Killed Wkid's ghost
  5897 | D:5      | Found an ornate altar of the Wu Jian Council.
  5911 | D:5      | Reached XP level 8. HP: 56/71 MP: 7/7
  6692 | D:6      | Noticed a two-headed ogre
  6845 | D:5      | Reached XP level 9. HP: 25/81 MP: 8/8
  7241 | D:6      | Killed a two-headed ogre
  7543 | D:6      | Found a staircase to the Ecumenical Temple.
  7570 | Temple   | Entered the Ecumenical Temple
  7627 | Temple   | Became a worshipper of Warmaster Okawaru
  8891 | D:7      | Identified the +4 spear of the Lair of Beasts {pain, rN+
                  | Stlth+}
  9492 | D:7      | Reached * piety under Okawaru
  9610 | D:7      | Reached XP level 10. HP: 70/91 MP: 9/9
  9885 | D:8      | Identified the +6 scale mail "Earthly Heaven" {Harm rN++
                  | Will-}
 10392 | D:8      | Found Kuppitemo's Assorted Antiques.
 10804 | D:8      | Noticed a two-headed ogre
 10888 | D:9      | Reached ** piety under Okawaru
 11034 | D:9      | Reached skill level 10 in Fighting
 11094 | D:9      | Reached skill level 10 in Shields
 11124 | D:9      | Reached skill level 10 in Armour
 12074 | D:9      | Noticed Grum
 12085 | D:9      | Reached *** piety under Okawaru
 12086 | D:9      | Reached skill level 10 in Axes
 12807 | D:9      | Killed Grum
 13232 | D:10     | Entered Level 10 of the Dungeon
 13241 | D:9      | Gained mutation: Your flesh is cold resistant. (rC+)
                  | [potion of mutation]
 13245 | D:9      | Lost mutation: Your flesh is cold resistant. (rC+) [potion
                  | of mutation]
 13245 | D:9      | Gained mutation: Your spells are a little easier to cast,
                  | but a little less powerful. [potion of mutation]
 13245 | D:9      | Gained mutation: You are frail. (-10% HP) [potion of
                  | mutation]
 13320 | D:10     | Paralysed by a hornet for 1 turns
 13325 | D:10     | Paralysed by a hornet for 1 turns
 13557 | D:10     | Paralysed by a hornet for 3 turns
 13563 | D:10     | Reached **** piety under Okawaru
 13839 | D:10     | Found a sparkling altar of Nemelex Xobeh.
 13842 | D:10     | Found a shimmering altar of Xom.
 13842 | D:10     | Found a burning altar of Makhleb.
 13844 | D:10     | Found a shimmering altar of Xom.
 13844 | D:10     | Found an ancient bone altar of Kikubaaqudgha.
 13844 | D:10     | Found a basalt altar of Yredelemnul.
 13940 | D:10     | Noticed a two-headed ogre
 13948 | D:10     | Killed a two-headed ogre
 13948 | D:10     | Received a gift from Okawaru
 13949 | D:10     | Reached XP level 11. HP: 78/91 MP: 7/10
 14002 | D:10     | Found a staircase to the Orcish Mines.
 14002 | D:10     | Found a staircase to the Lair.
 14494 | D:10     | Found Niym's Firing Range.
 14826 | D:11     | Lost mutation: You are frail. (-10% HP) [potion of
                  | mutation]
 14826 | D:11     | Lost mutation: Your spells are a little easier to cast, but
                  | a little less powerful. [potion of mutation]
 14826 | D:11     | Gained mutation: You occasionally lose the ability to drink
                  | potions when taking damage. [potion of mutation]
 14826 | D:11     | Gained mutation: Your muscles are strong. (Str +4, Int/Dex
                  | -1) [potion of mutation]
 15078 | D:11     | Reached ***** piety under Okawaru
 15312 | D:11     | Found a runed translucent gate.
 15312 | D:11     | Found a runed translucent gate.
 15312 | D:11     | Found a runed translucent gate.
 15317 | D:11     | Noticed Gelion's ghost (journeyman DECj)
 15764 | Orc:1    | Entered Level 1 of the Orcish Mines
 17237 | Orc:2    | Entered Level 2 of the Orcish Mines
 17279 | Orc:2    | Noticed an orc sorcerer
 17530 | Orc:1    | Killed an orc sorcerer
 17531 | Orc:1    | Reached skill level 1 in Evocations
 17757 | Orc:2    | Found a staircase to the Elven Halls.
 17859 | Orc:2    | Noticed Azrael
 18153 | Lair:1   | Entered Level 1 of the Lair of Beasts
 18153 | Lair:1   | Noticed a four-headed hydra
 18190 | D:10     | Killed a four-headed hydra
 18668 | Lair:1   | Reached skill level 5 in Evocations
 18915 | Lair:1   | Reached XP level 12. HP: 86/112 MP: 11/11
 18952 | Lair:1   | Reached ****** piety under Okawaru
 19473 | Lair:2   | Received a gift from Okawaru
 19689 | Lair:2   | Noticed a five-headed hydra
 19705 | Lair:2   | Killed a five-headed hydra
 20067 | Lair:2   | Found a staircase to the Snake Pit.
 20152 | Lair:2   | Received a gift from Okawaru
 20407 | Lair:2   | Identified a scroll of acquirement
 20408 | Lair:2   | Acquired the ring "Nofohe" {rPois rF++ rCorr Int-3 SInv}
 22163 | Lair:3   | Reached skill level 10 in Evocations
 22222 | Lair:3   | You fall into a shaft and drop 1 floor!
 22269 | Lair:3   | Received a gift from Okawaru
 22551 | Lair:3   | Found a staircase to the Swamp.
 22710 | Lair:3   | Reached XP level 13. HP: 87/117 MP: 12/12
 23521 | Lair:4   | Noticed a fire dragon
 23536 | Lair:4   | Killed a fire dragon
 24289 | Lair:5   | Entered Level 5 of the Lair of Beasts
 24486 | Lair:5   | Found a viscous altar of Jiyva.
 24486 | Lair:5   | Found a staircase to the Slime Pits.
 24979 | Lair:5   | Lost mutation: You occasionally lose the ability to drink
                  | potions when taking damage. [potion of mutation]
 24979 | Lair:5   | Lost mutation: Your muscles are strong. (Str +4, Int/Dex
                  | -1) [potion of mutation]
 24979 | Lair:5   | Gained mutation: You are partially covered in iridescent
                  | scales. (AC +2) [potion of mutation]
 24979 | Lair:5   | Gained mutation: You are somewhat resistant to further
                  | mutation. [potion of mutation]
 24979 | Lair:5   | Gained mutation: You are strong-willed. (Will+) [potion of
                  | mutation]
 25268 | Lair:5   | Found a large runed translucent door.
 25268 | Lair:5   | Noticed a fire dragon
 25849 | Lair:5   | Found a large runed translucent door.
 25899 | Lair:5   | Killed a fire dragon
 26471 | Slime:1  | Entered Level 1 of the Pits of Slime
 26485 | Slime:1  | Received a gift from Okawaru
 26565 | Slime:1  | Gained mutation: You are frail. (-10% HP) [a shining eye]
 26772 | Swamp:1  | Entered Level 1 of the Swamp
 26796 | Swamp:1  | Mangled by an alligator

Illustrated notes

Levels and vault maps discovered:
D:1:      wheals_arrival_linesprint, layout_loops_ring, dreamdust_wishing_well
D:2:      layout_basic
D:3:      layout_rooms, kennysheep_ying_yang, lightli_temple_of_fire,
          lemuel_round_altar, jmf_multi_god_temple2, serial_shops,
          nicolae_shop_trees, nicolae_concentric_dashed_squares_mild,
          supply_closet_lemuel, uniq_grinder
D:4:      layout_gridville, minmay_manual_maat
D:5:      layout_loops_ring, nzn_wu_jian_council_hall,
          ebering_ghost_reflecting_pool, minmay_shop_grid_forest,
          cheibrodos_gnoll_hut
D:6:      layout_cave_pools, minmay_temple_entry_sparse_star
D:7:      layout_loops_ring, minmay_ruffians
D:8:      layout_loops_ring, serial_shops, shop
D:9:      layout_loops_ring, fungi_pond_lemuel, uniq_grum
D:10:     hellmonk_ruined_rings, layout_basic, doesnt_xom_only_xom,
          lair_entry_dummy, nicolae_shop_firing_range
D:11:     layout_basic, gammafunk_ghost_nasty_kobolds, hangedman_glass_teeth
D:12:     layout_gridville
Temple:   jpeg_temple_clearing
Lair:1:   hellmonk_destroyed_diamonds, layout_layer_cave,
          small_statue_intersection, beast_lair_carwin_10
Lair:2:   layout_cave_shapes, dummy_snake_entry, serial_bayou_shore_a,
          grunt_megastairs_5, lemuel_fruit_tree
Lair:3:   layout_regular_city, minmay_swamp_entry_reptiles,
          minmay_lair_oklob_items, lemuel_fruit_fields
Lair:4:   dragon1_lemuel, layout_cave_shapes
Lair:5:   cheibrodos_lair_end_hotspot, layout_gridlike,
          minmay_slime_entry_jelly_boxes
Swamp:1:  layout_falls_marsh, nicolae_swamp_ascending_descending, swamp_pool1,
          infiniplex_staircase_pool
Slime:1:  layout_caves, nicolae_slime_phagocytosis
Orc:1:    layout_caves
Orc:2:    st_orc_congregation, layout_caves, uniq_azrael

Skill      XL: |  1  2  3  4  5  6  7  8  9 10 11 12 13 |
---------------+----------------------------------------+-----
Fighting       | 4 5 6 8 9 11 13 | 13.1
Armour         | 4 5 6 8 9 10 11 13 | 13.0
Shields        | 4 5 6 8 9 10 11 13 | 13.0
Axes           | 3 4 5 7 8 10 11 12 | 12.7
Evocations     | 5 11 | 11.6

Action                   |  1- 3 |  4- 6 |  7- 9 | 10-12 | 13-15 || total
-------------------------+-------+-------+-------+-------+-------++-------
Melee: War axe           |    93 |    66 |   217 |   522 |       ||   898
       Headbutt          |     3 |    13 |    46 |   147 |    64 ||   273
       Mace              |       |       |       |    39 |    11 ||    50
       Broad axe         |       |       |       |   166 |   245 ||   411
Throw: Boomerang         |       |     4 |    42 |   134 |    31 ||   211
Invok: Heroism           |       |       |       |     9 |     9 ||    18
  Use: Scroll            |       |       |    12 |    12 |     5 ||    29
       Potion            |       |       |     3 |     9 |     1 ||    13
Armor: Scale mail        |    50 |    16 |    77 |    49 |       ||   192
       Plate armour      |       |       |       |   340 |   124 ||   464
Dodge: Dodged            |    47 |    18 |    96 |   191 |    71 ||   423
Block: Buckler           |    15 |    31 |   121 |       |       ||   167
       Reflection        |       |       |     6 |     1 |     4 ||    11
       Kite shield       |       |       |    27 |   514 |   244 ||   785
